 Dungeon Crawl Stone Soup version 0.18-a0-1293-g5a2c81a (webtiles) character file.

9 ololoev the Firebug (level 2, 0/15 HPs)
             Began as a Deep Elf Fire Elementalist on Feb 10, 2016.
             Slain by a jackal (1 damage)
             ... on level 2 of the Dungeon.
             The game lasted 00:01:14 (199 turns).

ololoev the Firebug (Deep Elf Fire Elementalist)     Turns: 199, Time: 00:01:15

Health: 0/15       AC:  5    Str:  5    XL:     2   Next: 3%
Magic:  1/8        EV: 12    Int: 19    God:
Gold:   41         SH:  0    Dex: 15    Spells: 1 memorised, 6 levels left

rFire  . . .     SeeInvis .     h - +0 dagger
rCold  + . .     Gourm    .     j - +0 leather armour {rC+}
rNeg   . . .     Faith    .     (no shield)
rPois  .         Spirit   .     (no helmet)
rElec  .         Dismiss  .     (no cloak)
rCorr  .         Reflect  .     (no gloves)
SustAt .         Harm     .     (no boots)
MR     .....                    (no amulet)
Stlth  ++........               (no ring)
                                d - +2 ring of protection

@: very slightly contaminated, not resistant to hostile enchantments, unstealthy
A: no striking features
a: no special abilities

Inventory:

Hand Weapons
 h - a +0 dagger (weapon)
Armour
 j - a +0 leather armour of cold resistance (worn)
Jewellery
 d - a +2 ring of protection (left hand)
Scrolls
 e - a scroll of identify {unknown}
 f - a scroll of enchant armour {unknown}
 g - a scroll of teleportation {unknown}
Potions
 i - a potion of lignification {unknown}
Books
 b - a book of Flames

   Spells                             Type                      Level
   a - Flame Tongue                   Conjuration/Fire             1
   b - Throw Flame                    Conjuration/Fire             2
   c - Conjure Flame                  Conjuration/Fire             3
   d - Inner Flame                    Hexes/Fire                   3
   e - Sticky Flame                   Conjuration/Fire             4
   f - Fireball                       Conjuration/Fire             5
Comestibles
 c - 2 bread rations


   Skills:
 - Level 2.4 Dodging
 - Level 2.4 Stealth
 + Level 3.1 Spellcasting
 * Level 2.0 Conjurations
 + Level 3.4 Fire Magic


You had 6 spell levels left.
You knew the following spells:

 Your Spells              Type           Power        Failure   Level  Hunger
a - Flame Tongue          Conj/Fire      ##...        10%         1    None


You were on level 2 of the Dungeon.
You were not hungry.

You visited 1 branch of the dungeon, and saw 2 of its levels.

You collected 41 gold pieces.

. ............## .##
######..<....# ...#####
#....>..# #. #......#
#.....>.# .. #......#
##.....###.#
#......####........)# #.
#...)....#.......#.. ...
#...<..#.........#.##..##
#.....[##.......@#.......
#......##.......#h....#
#.........##...##.#...#
#......#..##..###.# ..#
#########......##.#...##
#.###..........#
#......##.#.....#
####...##.....#..
###..)......#

Notes
Turn   | Place    | Note
--------------------------------------------------------------
     0 | D:1      | ololoev the Deep Elf Fire Elementalist began the quest for the Orb.
     0 | D:1      | Reached XP level 1. HP: 10/10 MP: 6/6
   189 | D:2      | Reached XP level 2. HP: 9/15 MP: 0/8
   199 | D:2      | Slain by a jackal

Dungeon Overview and Level Annotations

Branches:
Dungeon (2/15)

Altars:


Message History

Casting: Flame Tongue
Confirm with . or Enter, or press ? or * to list all spells.
Aiming: Flame Tongue
Press: ? - help, Shift-Dir - straight line, f - jackal
Aim: a jackal (lightly wounded)
The flame tongue hits the jackal.
The jackal is almost dead.
The jackal bites you.
You hit the jackal.
You kill the jackal!
Your Conjurations skill increases to level 2!
You have reached level 2!
The jackal bites you.
You barely miss the jackal.
The jackal bites you but does no damage.
You barely miss the jackal. The jackal closely misses you.
You closely miss the jackal. The jackal misses you.
The jackal closely misses you.
You hit the jackal.
The jackal is lightly wounded.
The jackal bites you but does no damage.
You hit the jackal but do no damage.
The jackal is lightly wounded.
The jackal barely misses you. x2
You barely miss the jackal.
The jackal is lightly wounded.
The jackal bites you.
You hit the jackal but do no damage.
The jackal is lightly wounded.
The jackal misses you.
You hit the jackal.
The jackal is severely wounded.
The jackal bites you. x2
You closely miss the jackal.
The jackal is severely wounded.
The jackal closely misses you.
You hit the jackal but do no damage.
The jackal is severely wounded.
The jackal bites you.
You die...

You could see a jackal.

Vanquished Creatures
  A hobgoblin (D:2)
  2 jackals (D:2)
  2 kobolds
  A bat (D:2)
  3 rats
9 creatures vanquished.

Action                   || total
-------------------------++-------
Melee: Dagger            ||    14
       Unarmed           ||     4
 Cast: Flame Tongue      ||    15
 Stab: Sleeping          ||     3

Vault maps used:
D:1:      tarquinn_simple_flora_water_f
D:2:      xom_butterflies, first_bread
